 Dungeon Crawl Stone Soup version 0.30.1-3-gfc49f6343a (webtiles) character file.

Game seed: 15740599678116718915

46 GeoRichter the Sneak (level 3, -4/21 HPs)
             Began as a Vampire Enchanter on Aug 8, 2023.
             Slain by Terence
             ... wielding a +0 flail
              (10 damage)
             ... on level 3 of the Dungeon.
             The game lasted 00:02:39 (1191 turns).

GeoRichter the Sneak (Vampire Enchanter)            Turns: 1191, Time: 00:02:40

Health: -4/21      AC:  2    Str: 10    XL:     3   Next: 44%
Magic:  6/6        EV: 12    Int: 19    God:
Gold:   82         SH:  0    Dex: 16    Spells: 6/6 levels left

rFire   + . .        p - +3 hand axe of the Fifty Beggars {freeze, rF+ rCorr Str+3 Int+2}
rCold   . . .        (no shield)
rNeg    . . .        b - +0 robe
rPois   .            (no helmet)
rElec   .            (no cloak)
rCorr   +            (no gloves)
SInv    +            (no boots)
Will    .....        (no amulet)
Stlth   +++          (no ring)
HPRegen 0.43/turn    (no ring)
MPRegen 0.10/turn

%: no passive effects
@: healing quickly, studying Stealth
A: alive, fangs 3, see invisible, vampiric 2, [frail 1]
a: Exsanguinate


You were on level 3 of the Dungeon.
You visited 1 branch of the dungeon, and saw 3 of its levels.

You collected 82 gold pieces.

Inventory:

Hand Weapons
 a - a +1 dagger
 p - the +3 hand axe of the Fifty Beggars (weapon) {freeze, rF+ rCorr Str+3 Int+2}
   (You found it on level 2 of the Dungeon)

   Str:       It affects your strength (+3).
   Int:       It affects your intelligence (+2).
   rF:        It protects you from fire.
   rCorr:     It protects you from acid and corrosion.
Armour
 b - a +0 robe (worn)
Jewellery
 n - an amulet of faith {!P}
   (You took it off a kobold on level 2 of the Dungeon)
 o - a ring of ice
   (You found it on level 2 of the Dungeon)
Scrolls
 e - a scroll of summoning {unknown}
 f - a scroll of vulnerability {unknown}
 h - a scroll of teleportation {unknown}
 i - 4 scrolls of identify {unknown}
 j - 3 scrolls of poison {unknown}
 k - a scroll of blinking {unknown}
 l - a scroll of magic mapping {unknown}
 m - a scroll of fear {unknown}
Potions
 c - 2 potions of invisibility
 d - a potion of haste {unknown}
 g - a potion of heal wounds {unknown}


   Skills:
 * Level 3.2 Short Blades
 - Level 2.1 Dodging
 + Level 5.3 Stealth
 - Level 2.0 Spellcasting
 - Level 4.4 Hexes


You had 6 spell levels left.
You didn't know any spells.
Your spell library contained the following spells:

 Spells                   Type           Power      Damage    Failure   Level
 Confusing Touch          Hex            18%        N/A       9%          3
 Tukima's Dance           Hex            18%        N/A       9%          3
 Ensorcelled Hibernation  Hex/Ice        20%        N/A       11%         2
 Dazzling Flash           Conj/Hex       20%        N/A       21%         3
 Portal Projectile        Hex/Tloc       20%        N/A       21%         3
 Blade Hands              Tmut           0%         N/A       99%         5


Dungeon Overview and Level Annotations

Branches:
Dungeon (3/15) Zot: 16822

Altars:

Shops:
D:2 [

Annotations:
D:1 2 transporters
D:3 Terence


Innate Abilities, Weirdness & Mutations

Your natural rate of healing is accelerated.
You have razor-sharp teeth.
You have supernaturally acute eyesight. (SInv)
You are afflicted with vampirism and can become a bat while bloodless.
[You are frail. (-10% HP)]


Message History

The endoplasm is heavily wounded.
The endoplasm freezes you.
You are frozen.
You hit the endoplasm.
The endoplasm is heavily wounded.
The endoplasm closely misses you.
You hit the endoplasm.
You kill the endoplasm!
No target in view!
Found a stone staircase leading down.
Found a blackened marble ring.
There is a stone staircase leading down here.
o - a ring of ice
Things that are here:
a +0 short sword; 5 stones; a kobold corpse
Found a pitted hand axe.
Found an escape hatch in the floor.
Okay, then.
p - the +3 hand axe of the Fifty Beggars {freeze, rF+ rCorr Str+3 Int+2} You feel stronger.
You feel clever.
The +3 hand axe of the Fifty Beggars {freeze, rF+ rCorr Str+3 Int+2} glows with a cold blue light!
p - the +3 hand axe of the Fifty Beggars (weapon)
{freeze, rF+ rCorr Str+3 Int+2} Done exploring.
Done exploring.
Done exploring.
Done exploring.
No target in view!
There is a stone staircase leading down here.
You climb downwards.
There is a stone staircase leading up here.
You open the door.
There is an open door here.
Terence the Incautious comes into view.
He is wielding a +0 flail.
Found a stone staircase leading up.
Terence hits you with a +0 flail.
You hit Terence but do no damage. Terence hits you with a +0 flail.
You hit Terence but do no damage. Terence barely misses you.
You hit Terence. You freeze Terence.
Terence is lightly wounded.
Terence hits you with a +0 flail.
You closely miss Terence.
Terence is lightly wounded.
Terence closely misses you. Terence barely misses you.
You hit Terence. You freeze Terence.
Terence is heavily wounded.
Terence hits you with a +0 flail!
* * * LOW HITPOINT WARNING * * *
You barely miss Terence.
Terence is heavily wounded.
Terence says, "How do you enjoy it?" Terence hits you with a +0 flail!
You die...

## ....# #.+ ....#
#.# ....# #.# ....#
###.# ....# # ####
###.#.# <.. ..#
#..#####...#.##.#...#
#.............@@...#
#............###..##
#.................#
###.........#####...#
..'.........+ #.#
###...^.....# #
#.........#
#.........#
###########


You could see Terence.

Vanquished Creatures
  A dart slug (D:1)
  3 ball pythons (D:1)
  2 bats (D:1)
  4 endoplasms
  4 goblins (D:1)
  3 hobgoblins
  A jackal (D:1)
  5 kobolds
  2 quokkas (D:1)
  18 frilled lizards
  3 rats (D:1)
46 creatures vanquished.

Notes
Turn   | Place    | Note
-------+----------+-------------------------------------------
     0 | D:1      | GeoRichter the Vampire Enchanter began the quest for the
                  | Orb.
     0 | D:1      | Reached XP level 1. HP: 13/13 MP: 3/3
    77 | D:1      | Reached XP level 2. HP: 14/17 MP: 5/5
   394 | D:1      | Reached skill level 5 in Stealth
   480 | D:1      | Gained mutation: You are afflicted with vampirism and can
                  | become a bat while bloodless. [Vampire growth]
   480 | D:1      | Reached XP level 3. HP: 18/21 MP: 6/6
   874 | D:2      | Found Tohoc's Antique Armour Boutique.
  1094 | D:2      | Identified the +3 hand axe of the Fifty Beggars {freeze,
                  | rF+ rCorr Str+3 Int+2}
  1178 | D:3      | Noticed Terence
  1191 | D:3      | Slain by Terence

Illustrated notes

Levels and vault maps discovered:
D:1:      spicycebolla_arrival_transporter_tutorial, layout_rooms,
          minmay_pentomino_s4
D:2:      layout_basic, serial_shops, nicolae_shop_stone, minmay_lizard_king
D:3:      layout_basic, mainiacjoe_overflow_catwalk, zin_treasury, uniq_terence

Skill      XL: |  1  2  3 |
---------------+----------+-----
Short Blades   | 2 3 |  3.2
Stealth        | 5 |  5.3
Dodging        | |  2.1
Spellcasting   | |  2.0
Hexes          | |  4.4

Action                     || total
---------------------------++-------
  Melee: Dagger            ||   130
         Bite              ||     9
         Hand axe          ||     6
Ability: Exsanguinate      ||     1
         Revivify          ||     1
   Stab: Sleeping          ||    11
         Distracted        ||     1
 Armour: Robe              ||    10
  Dodge: Dodged            ||    72
